 Dungeon Crawl Stone Soup version 0.31-a0-765-g67fe2935dc (webtiles) character file.

Game seed: 16811025172637162040

239 dergon the Firebug (level 5, -2/38 HPs)
             Began as a Draconian Fire Elementalist on Sept 15, 2023.
             Was a Follower of Sif Muna.
             Shot with an arrow by a centaur (8 damage)
             ... on level 3 of the Dungeon.
             The game lasted 00:14:01 (1505 turns).

dergon the Firebug (Draconian Fire Elementalist)    Turns: 1505, Time: 00:14:02

Health: -2/38      AC:  5    Str: 11    XL:     5   Next: 79%
Magic:  3/11       EV: 12    Int: 17    God:    Sif Muna [*.....]
Gold:   148        SH:  0    Dex: 11    Spells: 4/12 levels left

rFire   . . .        e - +0 scythe
rCold   . . .        (shield currently unavailable)
rNeg    . . .        (body armour unavailable)
rPois   .            (helmet restricted)
rElec   .            (no cloak)
rCorr   .            (no gloves)
SInv    .            (no boots)
Will    .....        (no amulet)
Stlth   ++           (no ring)
HPRegen 0.26/turn    (no ring)
MPRegen 0.12/turn

%: no passive effects
@: no status effects
A: AC +5, unfitting armour, cold-blooded
a: Renounce Religion, Channel Magic


You were on level 3 of the Dungeon.
You worshipped Sif Muna.
Sif Muna was aware of your devotion.
You visited 1 branch of the dungeon, and saw 3 of its levels.

You collected 148 gold pieces.

Inventory:

Hand Weapons
 e - a +0 scythe (weapon)
Armour
 f - an orb of mayhem
Scrolls
 g - 2 scrolls of fear
 h - a scroll of blinking {unknown}
Potions
 a - a potion of magic
 b - a potion of degeneration
 c - a potion of heal wounds
 d - a potion of invisibility


   Skills:
 + Level 3.4 Dodging
 + Level 3.3 Stealth
 + Level 2.7 Unarmed Combat
 + Level 4.3 Spellcasting
 + Level 3.8 Conjurations
 + Level 5.5 Fire Magic
 + Level 3.9 Invocations


You had 4 spell levels left.
You knew the following spells:

 Your Spells              Type           Power      Damage    Failure   Level
a - Foxfire               Conj/Fire      76%        2x1d7     2%          1
b - Scorch                Fire           44%        2d6       2%          2
c - Poisonous Vapours     Pois/Air       6%         N/A       24%         2
d - Stone Arrow           Conj/Erth      20%        3d8       21%         3

Your spell library contained the following spells:

 Spells                   Type           Power      Damage    Failure   Level
 Inner Flame              Hex/Fire       13%        N/A       14%         3
 Volatile Blastmotes      Fire/Tloc      26%        2d12      14%         3
 Ignite Poison            Fire/Tmut/Pois 9%         N/A       22%         3
 Flame Wave               Conj/Fire      19%        2d7       22%         4
 Lehudib's Crystal Spear  Conj/Erth      5%         10d3      100%        8
 Animate Armour           Summ/Erth      Unusable   N/A       N/A         4

Dungeon Overview and Level Annotations

Branches:
Dungeon (3/15)

Altars:
Makhleb
Sif Muna

Shops:
D:1 *[[


Innate Abilities, Weirdness & Mutations

Your plain brown scales are hard. (AC +5)
You cannot fit into any form of body armour.
You are cold-blooded and may be slowed by cold attacks.


Message History

You kill the rat!
Sif Muna accepts your kill.
You hear a shout! x2
A centaur comes into view.
An endoplasm comes into view.
The endoplasm quivers.
The endoplasm jiggles.
The centaur hits you but does no damage.
The centaur kicks you.
You see here a rat corpse.
The centaur hits you but does no damage.
The centaur kicks you.
A dart slug comes into view.
A goblin comes into view. It is wielding a +2 vampiric dagger.
The centaur hits you.
The centaur kicks you but does no damage.
A giant cockroach comes into view.
The centaur hits you. The centaur closely misses you.
You see here a rat corpse.
The centaur wields a +0 shortbow.
The centaur shoots an arrow.
The arrow hits you!
You hear an angry hiss.
Casting: Scorch (safe; 2% risk of failure)
Confirm with . or Enter, or press ? or * to list all spells.
Flames lash the endoplasm.
You kill the endoplasm!
Sif Muna accepts your kill.
You hear an angry hiss.
The centaur shoots an arrow.
The arrow hits you!
* * * LOW HITPOINT WARNING * * *
Casting: Scorch (safe; 2% risk of failure)
Confirm with . or Enter, or press ? or * to list all spells.
Flames lash the dart slug.
The dart slug is heavily wounded.
The dart slug's fire resistance burns away.
You hear a shout!
The centaur shoots an arrow.
The arrow hits you.
* * * LOW HITPOINT WARNING * * *
The centaur shoots an arrow.
The arrow hits you but does no damage.
The centaur shoots an arrow.
The arrow hits you!
You die...

.. .... #. #..# #. #..#
# #.###..####.#
#.........#.#
#..##..##.#.##
#..#...).....#
#............#
#########.#...##@##.###
..........##..##......#
..##########..##w.###.#
..# #..#..c# ..#
#....##.# .†# #.....
#[. ..## #....##. ....
...## ..... #...
....#### .### ...


You could see a centaur and a dart slug (combustible).

Vanquished Creatures
  Sigmund (D:2)
  A worm (D:2)
  2 dart slugs
  4 endoplasms
  A giant cockroach (D:1)
  2 hobgoblins
  3 kobolds
  A quokka (D:2)
  3 ball pythons
  5 bats
  4 frilled lizards
  5 rats
32 creatures vanquished.

Vanquished Creatures (collateral kills)
  A foxfire (D:1)
1 creature vanquished.

Vanquished Creatures (others)
  45 foxfires
45 creatures vanquished.

Grand Total: 78 creatures vanquished

Notes
Turn   | Place    | Note
-------+----------+-------------------------------------------
     0 | D:1      | dergon the Draconian Fire Elementalist began the quest for
                  | the Orb.
     0 | D:1      | Reached XP level 1. HP: 14/14 MP: 3/3
   348 | D:1      | Reached XP level 2. HP: 20/20 MP: 3/5
   497 | D:1      | Found Logutt's Armour Boutique.
   567 | D:1      | Found a faded altar of an unknown god.
   578 | D:1      | Prayed at the altar of an unknown god.
   578 | D:1      | Became a worshipper of Sif Muna the Loreminder
   578 | D:1      | Reached * piety under Sif Muna
   597 | D:1      | Found Fipni's General Store.
   652 | D:1      | Found Kesot's Antique Armour Emporium.
   755 | D:2      | Reached skill level 5 in Fire Magic
   755 | D:2      | Reached XP level 3. HP: 26/26 MP: 5/8
   759 | D:2      | Learned a level 2 spell: Scorch
   831 | D:2      | Noticed Sigmund
   845 | D:2      | Killed Sigmund
   846 | D:2      | Reached XP level 4. HP: 27/33 MP: 5/10
   846 | D:2      | Reached XP level 5. HP: 31/38 MP: 5/11
  1271 | D:2      | Found a burning altar of Makhleb.
  1282 | D:2      | Got the Secrets of the Fulgurant Bonfire
  1288 | D:2      | Learned a level 2 spell: Poisonous Vapours
  1488 | D:3      | Learned a level 3 spell: Stone Arrow
  1498 | D:3      | Noticed a centaur
  1505 | D:3      | Shot with an arrow by a centaur

Illustrated notes

Levels and vault maps discovered:
D:1:      minmay_arrival_radiant_lines, layout_loops_ring,
          hellmonk_ecumenical_altar_run_dry, serial_shops,
          nicolae_shop_statue_plus, shop, shop, nicolae_shop_real_fake_doors
D:2:      layout_basic, basic_altar, kennysheep_small_spiral, uniq_sigmund
D:3:      cheibrodos_pilgrimage, layout_loops_corners,
          mainiacjoe_overflow_small_starburst, nicolae_ru_path_of_blood,
          minmay_vboxes, uniq_grinder, uniq_robin, uniq_crazy_yiuf_cottage

Skill      XL: |  1  2 |
---------------+-------+-----
Dodging        | 3 |  3.4
Stealth        | 3 |  3.3
Unarmed Combat | 2 |  2.7
Spellcasting   | 4 |  4.3
Conjurations   | 3 |  3.8
Fire Magic     | 5 |  5.5
Invocations    | 3 |  3.9

Action                     |  1- 3 |  4- 6 || total
---------------------------+-------+-------++-------
  Melee: Unarmed           |    32 |       ||    32
         Tailslap          |     5 |       ||     5
         Halberd           |       |     5 ||     5
   Cast: Foxfire           |    28 |     4 ||    32
         Scorch            |     1 |     6 ||     7
         Poisonous Vapours |       |     4 ||     4
    Use: Scroll            |     4 |     1 ||     5
         Potion            |     2 |     1 ||     3
   Stab: Sleeping          |       |     1 ||     1
 Armour: Skin              |    32 |    13 ||    45
  Dodge: Dodged            |    38 |     3 ||    41

Table legend: (Time is in decaauts)
 A = Elapsed time spent in this place.
 B = Non-inter-level travel time spent in this place.
 C = Inter-level travel time spent in this place.
 D = Time resting spent in this place.
 E = Time spent auto-exploring this place.
 F = Levels seen in this place.
 G = Mean time per level.
                   A        B        C        D        E       F      G
               +--------+--------+--------+--------+--------+-----+--------+
         Total |   1508 |   1458 |     50 |     20 |      0 |   3 |  502.7 |
       Dungeon |   1508 |   1458 |     50 |     20 |      0 |   3 |  502.7 |
               +--------+--------+--------+--------+--------+-----+--------+

Top non-repeatable levels by time:
     D:2: 796 daAuts
     D:1: 657 daAuts
     D:3: 53 daAuts
